 Dungeon Crawl Stone Soup version 0.22-a0-247-gbddf880 (webtiles) character file.

11007 matakusis the Convoker (level 11, -4/54 HPs)
             Began as a Deep Elf Summoner on Feb 25, 2018.
             Was a High Priest of Sif Muna.
             Slain by a wolf (12 damage)
             ... on level 6 of the Lair of Beasts.
             The game lasted 01:36:48 (13804 turns).

matakusis the Convoker (Deep Elf Summoner)         Turns: 13804, Time: 01:36:50

Health: -4/54      AC:  8    Str:  7    XL:     11   Next: 43%
Magic:  4/30       EV: 13    Int: 24    God:    Sif Muna [*****.]
Gold:   711        SH:  0    Dex: 22    Spells: 24/37 levels left

rFire    . . .     SeeInvis .   E - +2 arbalest of Methresi {venom, Dex+4}
rCold    + . .     Gourm    .   (shield currently unavailable)
rNeg     + . .     Faith    .   a - +0 robe
rPois    .         Spirit   .   I - +1 helmet
rElec    .         Reflect  .   (no cloak)
rCorr    .         Harm     .   y - +2 pair of gloves {Dex+3}
MR       +....                  j - +0 pair of boots
Stlth    +.........             (no amulet)
HPRegen  0.18/turn              G - ring of protection from fire
MPRegen  0.22/turn              C - ring of the Genius {Ice rN+ Str+2}

@: confused, very slightly contaminated, invisible
A: no striking features
a: Divine Energy, Channel Magic, Forget Spell, Renounce Religion


You were on level 6 of the Lair of Beasts.
You worshipped Sif Muna.
Sif Muna was extremely pleased with you.
You were not hungry.

You visited 3 branches of the dungeon, and saw 16 of its levels.

You collected 826 gold pieces.
You spent 115 gold pieces at shops.

Inventory:

Hand Weapons
 h - a +1 shortbow
 E - the +2 arbalest of Methresi (weapon) {venom, Dex+4}
   (You found it on level 8 of the Dungeon)

   It poisons the ammo it fires.
   It affects your dexterity (+4).
Missiles
 c - 362 stones
 e - 247 arrows
 s - 44 poisoned needles
 w - 35 bolts (quivered)
Armour
 a - a +0 robe (worn)
 j - a +0 pair of boots (worn)
 y - a +2 pair of gloves of dexterity (worn)
 I - a +1 helmet (worn)
Magical Staves
 q - an uncursed staff of earth
Jewellery
 C - the ring of the Genius (right hand) {Ice rN+ Str+2}
   (You found it on level 8 of the Dungeon)

   [ring of ice]

   It enhances your ice magic.
   It affects your strength (+2).
   It makes you vulnerable to fire.
   It protects you from cold.
   It protects you from negative energy.
 D - an uncursed ring of protection from cold
 G - a ring of protection from fire (left hand)
Wands
 k - a wand of clouds (6)
 r - a wand of flame (99)
 u - a wand of random effects (11)
 v - a wand of polymorph (13)
 x - a wand of acid (10)
 A - a wand of paralysis (58)
 F - a wand of disintegration (14)
 M - a wand of digging (11)
Scrolls
 m - 3 scrolls of amnesia
 z - 3 scrolls of magic mapping
 B - 2 scrolls of remove curse
 N - a scroll of blinking
 P - a scroll of enchant weapon
 Q - a scroll of acquirement {unknown}
Potions
 d - 5 potions of brilliance
 f - 2 potions of haste
 g - 3 potions of flight
 i - 4 potions of curing
 l - 4 potions of cancellation
 o - a potion of resistance
 p - a potion of invisibility
 t - 2 potions of berserk rage
 H - a potion of might {unknown}
 J - 2 potions of agility {unknown}
 K - 3 potions of magic
Miscellaneous
 O - a sack of spiders
Comestibles
 b - 28 rations


   Skills:
 + Level 1.0 Bows
 - Level 2.4 Dodging
 - Level 2.4 Stealth
 + Level 13.8 Spellcasting
 + Level 0.3 Hexes
 * Level 15.4 Summonings
 - Level 1.2 Ice Magic
 - Level 1.2 Air Magic


You had 24 spell levels left.
You knew the following spells:

 Your Spells              Type           Power        Failure   Level  Hunger
a - Tukima's Dance        Hex            ###.....     9%          3    None
b - Call Imp              Summ           ######..     0%          2    None
c - Summon Lightning Spi  Summ/Air       ######..     1%          4    None
d - Summon Ice Beast      Ice/Summ       ######..     1%          4    None


Dungeon Overview and Level Annotations

Branches:
Dungeon (11/15)            Temple (1/1) D:4            Lair (3/6) D:11
  Snake (0/4) Lair:2          Orc (0/2) D:9
  Swamp: Lair:2-4    Shoals: Lair:2-4

Altars:
Ashenzari
Cheibriados
Dithmenos
Elyvilon
Fedhas
Gozag
Hepliaklqana
Kikubaaqudgha
Makhleb
Nemelex Xobeh
Okawaru
Qazlal
Ru
Sif Muna
Trog
Uskayaw
Vehumet
Wu Jian
Xom
Yredelemnul
Zin
The Shining One

Shops:
D:4 *   D:8 :   D:10 !

Annotations:
Lair:6 1 runed door


Message History

* * * LOW HITPOINT WARNING * * *
Your ice beast hits the spriggan.
Your ice beast freezes the spriggan!
The wolf barely misses you.
A wolf comes into view.
Your ice beast hits the polar bear.
Your ice beast freezes the polar bear!
The polar bear resists.
The wolf misses you.
The polar bear closely misses your ice beast.
The polar bear claws your ice beast but does no damage. x2
Your ice beast hits the spriggan but does no damage.
You are confused.
You feel invigorated. The wolf bites you.
* * * LOW HITPOINT WARNING * * *
Your ice beast hits the polar bear but does no damage.
The spriggan hits you with a dagger!
* * * LOW HITPOINT WARNING * * *
The polar bear misses your ice beast.
The polar bear claws your ice beast but does no damage.
The polar bear barely misses your ice beast.
The wolf bites you!
You die...

#### ###
.#.##############P######## ♣♣
.P.#.P#.##..#.P#.....#...####♣♣♣.
..............................♣♣.
.................................
............P...@Pi.h............
................ih.Y...........♣♣
^..#.#S#†..P.......Yh.........#♣♣
...#...##..P...............#P...♣
....S...........................♣
.............PP.....)...........♣
..............................♣
..........P...........P.....
....♣♣.......................


You could see a polar bear, 2 spriggans, 2 wolves and 2 friendly ice beasts.

Vanquished Creatures
  A goblin (D:3)
  A quokka (D:6)
  A bat (D:2)
  A leopard gecko skeleton (D:5)
4 creatures vanquished.

Vanquished Creatures (collateral kills)
  A hydra (Lair:6)
  The ghost of Regeox the Shield-Bearer, a novice HOFi of Okawaru (D:9)
  2 two-headed ogres (D:11)
  4 death yaks (Lair:6)
  The ghost of Phong the Slicer, a novice KoHu (D:6)
  A manticore (D:11)
  An oklob plant (D:4)
  2 black mambas
  A centaur zombie (D:11)
  3 spiny frogs
  A centaur skeleton (D:11)
  2 rime drakes
  3 komodo dragons
  A freezing wraith (D:9)
  5 blink frogs (Lair:6)
  5 dream sheep (Lair:6)
  4 hippogriffs
  A wraith (D:11)
  13 yaks
  2 wyverns (D:11)
  Grum (D:10)
  3 nagas (Lair:2)
  An acid dragon (D:11)
  6 water moccasins
  6 porcupines
  5 ice beasts
  2 orc warriors (D:7)
  3 phantoms
  2 black bears
  8 wolves
  A centaur (D:4)
  9 ogres
  5 crocodiles
  A big kobold (D:8)
  Blork the orc (D:5)
  8 bullfrogs
  5 scorpions
  5 howler monkeys
  5 crimson imps
  A lava snake (D:11)
  2 bullfrog zombies
  2 quasits
  4 orc priests
  A bullfrog skeleton (D:4)
  7 hounds
  6 orc wizards
  A gnoll shaman (D:8)
  A jelly (D:10)
  5 iguanas
  4 worker ants
  A hound zombie (D:7)
  2 hound skeletons
  A howler monkey skeleton (D:9)
  4 gnolls (D:8)
  8 adders
  A shadow imp (D:11)
  An ooze (D:6)
  4 worms
  6 adder skeletons
  3 dart slugs
  8 leopard geckos
  24 orcs
  3 ball pythons
  7 bats
  6 giant cockroaches
  13 goblins
  7 hobgoblins
  5 jackals
  13 kobolds
  6 quokkas
  5 frilled lizards
  2 jackal skeletons
  7 rats
  3 fungi
  A plant (D:4)
306 creatures vanquished.

Vanquished Creatures (others)
  A leopard gecko (D:2)
  A fungus (Lair:6)
  A plant (Lair:6)
3 creatures vanquished.

Grand Total: 313 creatures vanquished

Notes
Turn   | Place    | Note
-------+----------+-------------------------------------------
     0 | D:1      | matakusis the Deep Elf Summoner began the quest for the Orb.
     0 | D:1      | Reached XP level 1. HP: 10/10 MP: 6/6
   468 | D:1      | Reached XP level 2. HP: 15/15 MP: 1/8
   575 | D:1      | Learned a level 2 spell: Call Imp
   835 | D:1      | Reached skill level 5 in Summonings
  1388 | D:2      | Reached XP level 3. HP: 19/19 MP: 10/10
  1530 | D:2      | Noticed an ogre
  1537 | D:2      | Killed an ogre
  1537 | D:2      | Reached XP level 4. HP: 17/24 MP: 4/12
  1546 | D:2      | Learned a level 4 spell: Summon Lightning Spire
  1551 | D:2      | Learned a level 4 spell: Summon Ice Beast
  2145 | D:2      | Found an opulent altar of Gozag.
  2519 | D:3      | Reached skill level 6 in Summonings
  3411 | D:3      | Reached XP level 5. HP: 28/28 MP: 7/13
  3860 | D:4      | Noticed an ogre
  3868 | D:4      | Killed an ogre
  3868 | D:4      | Reached skill level 5 in Spellcasting
  3895 | D:4      | Found Iclahu's Assorted Antiques.
  3909 | D:4      | Bought a large jade ring for 115 gold pieces
  3937 | D:4      | Got a slimy leather armour
  3948 | D:4      | Identified the +1 leather armour of Untruth {Str+4 Dex-5} (You found it on level 4 of the Dungeon)
  3986 | D:4      | Found a blossoming altar of Fedhas.
  4005 | D:4      | Noticed an oklob plant
  4166 | D:4      | Killed an oklob plant
  4166 | D:4      | Reached skill level 7 in Summonings
  4166 | D:4      | Reached skill level 1 in Ice Magic
  4166 | D:4      | Reached skill level 1 in Air Magic
  4166 | D:4      | Reached XP level 6. HP: 32/32 MP: 4/16
  4252 | D:4      | Found a staircase to the Ecumenical Temple.
  4325 | Temple   | Entered the Ecumenical Temple
  4501 | Temple   | Became a worshipper of Sif Muna the Loreminder
  4968 | D:5      | Entered Level 5 of the Dungeon
  5144 | D:5      | Reached XP level 7. HP: 36/36 MP: 10/18
  5588 | D:5      | Reached skill level 8 in Summonings
  5623 | D:5      | Noticed Blork the orc
  5633 | D:5      | Killed Blork the orc
  6230 | D:6      | Reached * piety under Sif Muna
  6313 | D:6      | Reached skill level 9 in Summonings
  6345 | D:6      | Got a dazzling dagger
  6346 | D:6      | Identified the +10 dagger of Reptel {freeze, MR+} (You found it on level 6 of the Dungeon)
  6405 | D:6      | Noticed Phong's ghost (novice KoHu)
  6417 | D:6      | Killed Phong's ghost
  6417 | D:6      | Reached XP level 8. HP: 41/41 MP: 2/21
  6865 | D:7      | Reached skill level 10 in Summonings
  7053 | D:7      | Reached ** piety under Sif Muna
  7053 | D:7      | Reached skill level 1 in Bows
  8231 | D:8      | Got a crystal arbalest
  8232 | D:8      | Identified the +2 arbalest of Methresi {venom, Dex+4} (You found it on level 8 of the Dungeon)
  8334 | D:8      | Reached XP level 9. HP: 43/45 MP: 12/24
  8346 | D:8      | Found Xyklat's Book Shop.
  8434 | D:8      | Got a clouded iron ring
  8440 | D:8      | Identified the ring of the Genius {Ice rN+ Str+2} (You found it on level 8 of the Dungeon)
  8453 | D:8      | Found a glowing golden altar of the Shining One.
  8654 | D:9      | Noticed a skeletal warrior
  8658 | D:9      | Reached skill level 11 in Summonings
  9132 | D:9      | Found a staircase to the Orcish Mines.
  9225 | D:9      | Noticed a freezing wraith
  9230 | D:9      | Killed a freezing wraith
  9244 | D:9      | Noticed a skeletal warrior
  9245 | D:9      | Noticed Regeox's ghost (novice HOFi)
  9525 | D:9      | Reached *** piety under Sif Muna
  9531 | D:9      | Reached skill level 10 in Spellcasting
  9574 | D:9      | Killed Regeox's ghost
  9574 | D:9      | Reached skill level 12 in Summonings
  9742 | D:10     | Entered Level 10 of the Dungeon
  9786 | D:10     | Learned a level 3 spell: Tukima's Dance
  9817 | D:10     | Noticed Grum
  9845 | D:10     | Killed Grum
 10049 | D:10     | Reached **** piety under Sif Muna
 10085 | D:10     | Reached XP level 10. HP: 50/50 MP: 15/27
 10222 | D:10     | Found Cycum's Distillery.
 10641 | D:11     | Noticed a two-headed ogre
 10655 | D:11     | Killed a two-headed ogre
 10655 | D:11     | Reached skill level 13 in Summonings
 10990 | D:11     | Noticed a two-headed ogre
 10997 | D:11     | Killed a two-headed ogre
 11013 | D:11     | Noticed a manticore
 11021 | D:11     | Killed a manticore
 11404 | D:11     | Reached ***** piety under Sif Muna
 11438 | D:11     | Found a staircase to the Lair.
 11480 | Lair:1   | Entered Level 1 of the Lair of Beasts
 11486 | Lair:1   | Identified Sif Muna's Collected Works on Good Luck (Sif Muna gifted it to you on level 1 of the Lair of Beasts)
 11486 | Lair:1   | Received a gift from Sif Muna
 11644 | Lair:1   | Reached skill level 14 in Summonings
 11831 | Lair:1   | Noticed a spiny frog
 11839 | Lair:1   | Killed a spiny frog
 12383 | Lair:2   | Found a staircase to the Snake Pit.
 12535 | Lair:2   | Noticed a black mamba
 12540 | Lair:2   | Killed a black mamba
 13114 | Lair:3   | Noticed a spiny frog
 13118 | Lair:3   | Killed a spiny frog
 13139 | Lair:3   | You fall through a shaft for 3 floors!
 13139 | Lair:6   | Entered Level 6 of the Lair of Beasts
 13139 | Lair:6   | Noticed a death yak
 13139 | Lair:6   | Noticed a death yak
 13148 | Lair:6   | Noticed a death yak
 13151 | Lair:6   | Noticed a death yak
 13151 | Lair:6   | Killed a death yak
 13151 | Lair:6   | Reached XP level 11. HP: 54/54 MP: 5/30
 13154 | Lair:6   | Killed a death yak
 13156 | Lair:6   | Killed a death yak
 13163 | Lair:6   | Killed a death yak
 13235 | Lair:6   | Reached skill level 15 in Summonings
 13397 | Lair:6   | Noticed a seven-headed hydra
 13510 | Lair:6   | Killed a seven-headed hydra
 13597 | Lair:6   | Found a runed door.
 13804 | Lair:6   | Slain by a wolf

Vault maps used:
D:1:      enne_arrival_octagon_isle, amethyst_killhole
D:2:      marbit_many_paths
D:3:      corexii_shack_village, grunt_ministairs_15
D:4:      minmay_temple_entry_overgrown, first_ration, serial_shops, shop,
          tgw_fedhas
D:5:      minivault_26, kennysheep_generic_room_8, uniq_blork_the_orc
D:8:      serial_shops, nicolae_shop_trees, blue_anna_alchemist, tso_altar
D:9:      orc_0_dummy
D:10:     serial_shops, shop, uniq_grum
D:11:     erik_lair_dragon, kennysheep_generic_room_16
Temple:   kilobyte_greek_temple
Lair:2:   guppyfry_snake_entry_island
Lair:3:   portal_ice_cave_rime, beast_lair_carwin_8, grunt_megastairs_2
Lair:6:   minmay_lair_end_enchanted_forest, slime_altar_2,
          nicolae_lair_grove_arrangements

Skill      XL: |  1  2  3  4  5  6  7  8  9 10 11 |
---------------+----------------------------------+-----
Summonings     | 5 6 7 9 10 12 14 15 | 15.4
Spellcasting   | 4 5 6 7 9 11 13 | 13.8
Ice Magic      | 1 |  1.2
Air Magic      | 1 |  1.2
Bows           | 1 |  1.0
Dodging        | |  2.4
Stealth        | |  2.4
Hexes          | |  0.3

Action                   |  1- 3 |  4- 6 |  7- 9 | 10-12 || total
-------------------------+-------+-------+-------+-------++-------
Melee: Dagger            |     1 |    19 |     2 |       ||    22
       Staff             |       |       |     2 |       ||     2
 Fire: Shortbow          |       |       |     8 |       ||     8
       Arbalest          |       |       |     3 |     1 ||     4
 Cast: Summon Small Mamm |    35 |     5 |       |       ||    40
       Call Imp          |    25 |    34 |    43 |     9 ||   111
       Summon Lightning  |       |    24 |    57 |    49 ||   130
       Summon Ice Beast  |       |    12 |    50 |    63 ||   125
       Tukima's Dance    |       |       |     1 |       ||     1
  Use: Scroll            |     4 |     5 |     8 |     8 ||    25
       Potion            |       |     3 |       |     3 ||     6
  Eat: Chunk             |     2 |    13 |    16 |     8 ||    39
       Ration            |       |     1 |     2 |     1 ||     4
Armor: Robe              |     4 |     1 |     2 |    11 ||    18
       Leather armour    |       |       |     5 |       ||     5
       Skin              |       |       |     1 |       ||     1
Dodge: Dodged            |     8 |    16 |    25 |    15 ||    64

Table legend:
 A = Spawn XP
 B = Non-spawn XP
 C = Spawn XP percentage of total XP
 D = Spawn monster count
 E = Non-spawn monster count
 F = Spawn count percentage of total count
 G = Total turns spent on level
                    A         B        C        D         E        F      G
               +---------+---------+-------+---------+---------+-------+---------
         Total |       0 |   15725 |   0.0 |       0 |     306 |   0.0 | 13804
               +---------+---------+-------+---------+---------+-------+---------
           D:1 |       0 |      29 |   0.0 |       0 |      25 |   0.0 |  1202
           D:2 |       0 |      80 |   0.0 |       0 |      20 |   0.0 |  1334
           D:3 |       0 |      93 |   0.0 |       0 |      37 |   0.0 |  1198
           D:4 |       0 |     475 |   0.0 |       0 |      17 |   0.0 |  1021
           D:5 |       0 |     269 |   0.0 |       0 |      21 |   0.0 |  1145
           D:6 |       0 |     846 |   0.0 |       0 |      29 |   0.0 |   696
           D:7 |       0 |     668 |   0.0 |       0 |      27 |   0.0 |  1229
           D:8 |       0 |     395 |   0.0 |       0 |      16 |   0.0 |   837
           D:9 |       0 |    1292 |   0.0 |       0 |      14 |   0.0 |   867
          D:10 |       0 |    1549 |   0.0 |       0 |      25 |   0.0 |   632
          D:11 |       0 |    2549 |   0.0 |       0 |      21 |   0.0 |  1106
        Lair:1 |       0 |    1005 |   0.0 |       0 |      12 |   0.0 |   694
        Lair:2 |       0 |    1168 |   0.0 |       0 |      11 |   0.0 |   933
        Lair:3 |       0 |     440 |   0.0 |       0 |       4 |   0.0 |    32
        Lair:6 |       0 |    4867 |   0.0 |       0 |      27 |   0.0 |   665
               +---------+---------+-------+---------+---------+-------+---------
